 Dungeon Crawl Stone Soup version bcrawl-1.37.2 (webtiles) character file.

Game seed: 16562914357474539993

153993 Mehrunes the Changer (level 7, 0/48 HPs)
             Began as a Merfolk Transmuter on Nov 15, 2022.
             Succumbed to Sigmund's poison
             ... on level 4 of the Dungeon.
             The game lasted 00:09:09 (4769 turns).

Mehrunes the Changer (Merfolk Transmuter)           Turns: 4769, Time: 00:09:09

Health: 0/48       AC:  2    Str: 19    XL:     7   Next: 14%
Magic:  14/14      EV: 15    Int: 12    God:
Gold:   356        SH:  0    Dex: 16    Spells: 3/14 levels left

rFire    . . .     GDR:     28%   - Fists (9.5)
rCold    . . .     SeeInvis +   (no shield)
rNeg     + . .     Gourm    .   b - +0 robe
rPois    .         Faith    .   (no helmet)
rElec    +         Spirit   .   (no cloak)
rCorr    .         Reflect  .   (no gloves)
MR       .....                  (no boots)
Stlth    +.........             (no amulet)
HPRegen  0.18/turn              k - ring of Jeibyarph {+Fly rN+ MR- SInv}
MPRegen  0.14/turn              j - ring of insulation

@: mighty, lethally poisoned (0 -> -12), swift, flying, very quick
A: change form in water, swift swim, stealthy swim, blurry vision 1, high mp 1,
screaming 1, strong 1
a: no special abilities


You were on level 4 of the Dungeon.
You were hungry.

You visited 1 branch of the dungeon, and saw 4 of its levels.

You collected 356 gold pieces.

Inventory:

Missiles
 a - 157 arrows
Armour
 b - a +0 robe (worn)
 q - a +0 pair of gloves
Jewellery
 j - a ring of insulation (right hand)
 k - the ring of Jeibyarph (left hand) {+Fly rN+ MR- SInv}
   (You took it off an orc on level 2 of the Dungeon)

   [ring of flight]

   It protects you from negative energy.
   It affects your resistance to hostile enchantments.
   It lets you see invisible.
   It lets you fly.
 p - a cursed amulet of inaccuracy {unknown}
Scrolls
 g - 3 scrolls of remove curse {unknown}
 h - a scroll of blinking {unknown}
 i - 5 scrolls of identify
 l - 2 scrolls of teleportation {unknown}
 m - a scroll of magic mapping {unknown}
 o - 2 scrolls of amnesia {unknown}
 r - a scroll of fog {unknown}
Potions
 c - a potion of magic
 d - a potion of lignification
Comestibles
 e - 12 rations {!d}


   Skills:
 - Level 1.1 Fighting
 - Level 4.6 Dodging
 - Level 4.5 Unarmed Combat
 - Level 4.0 Spellcasting
 + Level 6.5 Transmutations


You had 3 spell levels left.
You knew the following spells:

 Your Spells              Type           Power        Failure   Level  Hunger
a - Beastly Appendage     Tmut           ###...       1%          1    None
b - Sticks to Snakes      Tmut           ###.....     2%          2    None
c - Spider Form           Tmut/Pois      ##.          17%         3    ###....
d - Blade Hands           Tmut           ###.......   38%         5    ######.

Your spell library contained the following spells:

 Spells                   Type           Power        Failure   Level  Hunger
 Passwall                 Tmut/Erth      ##......     9%          2    None
 Ice Form                 Ice/Tmut       ##......     50%         4    #####..


Dungeon Overview and Level Annotations

Branches:
Dungeon (4/12)
 Temple: D:4-7

Altars:
Fedhas
Okawaru
Sif Muna
Vehumet

Annotations:
D:4 Pikel, Sigmund


Innate Abilities, Weirdness & Mutations

You revert to your normal form in water.
You are very nimble and swift while swimming.
You are very stealthy in the water. (Stealth+)
Scrolls take you a little longer to read.
You have an increased reservoir of magic. (+10% MP)
You occasionally shout uncontrollably at your foes.
Your muscles are strong. (Str +2)


Message History

Sigmund hits you from afar with a +2 scythe of venom!
You are lethally poisoned!
* * * LOW HITPOINT WARNING * * *
You feel sick.
* * * LOW HITPOINT WARNING * * *
You feel sick.
Sigmund says, "Your kind have come here before.
I understand now why.
You desire death..."
It was a potion of might.
You feel very mighty all of a sudden.
* * * LOW HITPOINT WARNING * * *
You feel sick. The slave hits you but does no damage. Sigmund misses you.
It was a potion of flight.
You feel very buoyant.
You fly up into the air.
* * * LOW HITPOINT WARNING * * *
You feel sick. The slave hits you!
* * * LOW HITPOINT WARNING * * *
You closely miss the slave.
The slave is moderately wounded.
You die...

...... .. .. .. ...>....... ##...
#..#.# .#..# #.#...#.#.. # #.#
###..#..#.#..###.#...#....
###.###..........#...............
............ #..##..###.#...#....
.).......... ##.##..# #.#...#.#'#
####....### #.@#..# #.#...#....
#..### ###.p...###.#..[#....
####..# #...@.......#...#....
...#..# #####...........#....
##.#..######## #...........#....
##...........# ##..........###'#
.......#####.# #..........# ###
##.#.#.#####.# #..........#####
##.#.#.#.....# #...............
..........(..#######.####........
##...).........K...#..# #........


You could see Sigmund (invisible) and a slave.

Vanquished Creatures
  2 sky beasts (D:4)
  2 slaves (D:4)
  A bullfrog (D:3)
  A crimson imp (D:4)
  A hound (D:4)
  2 worker ants (D:3)
  2 adders (D:3)
  An adder skeleton (D:4)
  3 worms (D:3)
  4 dart slugs
  2 leopard geckos
  6 orcs
  6 goblins
  7 hobgoblins
  4 jackals (D:2)
  2 quokkas
  A ball python (D:3)
  10 bats
  5 frilled lizards
  7 kobolds
  7 rats
76 creatures vanquished.

Vanquished Creatures (collateral kills)
  An orc (D:2)
  A goblin (D:3)
  A quokka (D:3)
  A kobold (D:2)
  A rat (D:2)
5 creatures vanquished.

Grand Total: 81 creatures vanquished

Notes
Turn   | Place    | Note
-------+----------+-------------------------------------------
     0 | D:1      | Mehrunes the Merfolk Transmuter began the quest for the
                  | Orb.
     0 | D:1      | Reached XP level 1. HP: 15/15 MP: 3/3
    91 | D:1      | Reached XP level 2. HP: 18/21 MP: 3/5
   131 | D:1      | Reached skill level 3 in Transmutations
   234 | D:1      | Learned a level 2 spell: Sticks to Snakes
   895 | D:1      | Reached XP level 3. HP: 26/26 MP: 4/6
  1125 | D:1      | Learned a level 3 spell: Spider Form
  1714 | D:2      | Identified the ring of Jeibyarph {+Fly rN+ MR- SInv}
  1716 | D:2      | Found an iron altar of Okawaru.
  1716 | D:2      | Found a shimmering blue altar of Sif Muna.
  1915 | D:2      | Found a faded altar of an unknown god.
  2399 | D:3      | Reached XP level 4. HP: 32/32 MP: 5/7
  2594 | D:3      | Found a blossoming altar of Fedhas.
  2652 | D:3      | Noticed a sky beast
  3038 | D:3      | Noticed a bullfrog
  3045 | D:3      | Killed a bullfrog
  3046 | D:3      | Reached skill level 4 in Transmutations
  3046 | D:3      | Reached XP level 5. HP: 23/37 MP: 5/9
  3645 | D:3      | Reached XP level 6. HP: 43/43 MP: 6/10
  3908 | D:3      | Learned a level 5 spell: Blade Hands
  3985 | D:4      | Noticed a sky beast
  4131 | D:4      | Killed a sky beast
  4132 | D:4      | Reached skill level 5 in Transmutations
  4439 | D:4      | Noticed a slave
  4449 | D:4      | Killed a slave
  4451 | D:4      | Noticed Pikel
  4451 | D:4      | Noticed a slave
  4451 | D:4      | Noticed a slave
  4451 | D:4      | Noticed a slave
  4451 | D:4      | Noticed Sigmund
  4532 | D:4      | Found a radiant altar of Vehumet.
  4534 | D:4      | Noticed a sky beast
  4539 | D:4      | Gained mutation: Scrolls take you a little longer to read.
                  | [potion of mutation]
  4539 | D:4      | Gained mutation: You occasionally shout uncontrollably at
                  | your foes. [potion of mutation]
  4539 | D:4      | Gained mutation: You are partially covered in yellow
                  | scales. (AC +2) [potion of mutation]
  4539 | D:4      | Gained mutation: You are somewhat resistant to further
                  | mutation. [potion of mutation]
  4540 | D:4      | Lost mutation: Scrolls take you a little longer to read.
                  | [potion of mutation]
  4540 | D:4      | Lost mutation: You are partially covered in yellow scales.
                  | (AC +2) [potion of mutation]
  4540 | D:4      | Lost mutation: You are somewhat resistant to further
                  | mutation. [potion of mutation]
  4540 | D:4      | Gained mutation: Scrolls take you a little longer to read.
                  | [potion of mutation]
  4540 | D:4      | Gained mutation: You have an increased reservoir of magic.
                  | (+10% MP) [potion of mutation]
  4540 | D:4      | Gained mutation: Your muscles are strong. (Str +2) [potion
                  | of mutation]
  4550 | D:4      | Killed a sky beast
  4551 | D:4      | Reached skill level 6 in Transmutations
  4551 | D:4      | Reached XP level 7. HP: 45/48 MP: 10/14
  4768 | D:4      | HP: 1/48 [slave[Pikel] (8)]
  4769 | D:4      | Succumbed to Sigmund's poison

Skill      XL: |  1  2  3  4  5  6 |
---------------+-------------------+-----
Dodging        | 3 4 |  4.6
Transmutations | 3 4 6 |  6.5
Unarmed Combat | 4 |  4.5
Spellcasting   | 3 4 |  4.0
Fighting       | |  1.1

Action                   |  1- 3 |  4- 6 |  7- 9 || total
-------------------------+-------+-------+-------++-------
Melee: Unarmed           |   113 |   113 |    10 ||   236
       Headbutt          |     9 |    16 |       ||    25
       Punch             |     1 |     2 |       ||     3
 Cast: Beastly Appendage |    33 |    13 |       ||    46
       Sticks to Snakes  |     4 |    10 |       ||    14
       Spider Form       |       |     5 |     1 ||     6
  Use: Potion            |       |     3 |     2 ||     5
 Stab: Sleeping          |     2 |       |       ||     2
  Eat: Chunk             |     7 |    11 |     2 ||    20
Armor: Robe              |    18 |    10 |     1 ||    29
Dodge: Dodged            |    83 |    68 |    18 ||   169
